 Dungeon Crawl Stone Soup version 0.21-a0-71-g5e5ddd2 (webtiles) character file.

71474 Pr0man the Destroyer (level 15, -20/89 HPs)
             Began as a Gargoyle Ice Elementalist on June 18, 2017.
             Was a High Priest of Sif Muna.
             Blown up by an orb spider (46 damage)
             ... with an orb of destruction
             ... on level 3 of the Spider Nest on June 19, 2017.
             The game lasted 01:49:07 (36996 turns).

Pr0man the Destroyer (Gargoyle Ice Elementalist)   Turns: 36996, Time: 01:49:08

Health: -20/89     AC: 22    Str: 11    XL:     15   Next: 36%
Magic:  12/29      EV: 15    Int: 23    God:    Sif Muna [*****.]
Gold:   815        SH:  7    Dex: 10    Spells: 14/35 levels left

rFire    . . .     SeeInvis .   b - staff of energy
rCold    + + .     Gourm    .   v - +2 buckler {AC+3}
rNeg     + . .     Faith    .   C - +1 robe {rC+}
rPois    ∞         Spirit   .   h - +2 hat
rElec    +         Reflect  .   Y - +0 cloak
rCorr    .         Harm     .   z - +0 pair of gloves (curse)
MR       +....                  B - +0 pair of boots
Stlth    ++........             Z - amulet of magic regeneration
HPRegen  0.24/turn              S - ring of protection from fire
MPRegen  0.46/turn              K - ring of ice

@: flying, studying Long Blades
A: big wings, negative energy resistance 1, electricity resistance, unbreathing,
petrification resistance, rot immunity, AC +11
a: Stop Flying, Divine Energy, Channel Magic, Forget Spell, Renounce Religion


You were on level 3 of the Spider Nest.
You worshipped Sif Muna.
Sif Muna was extremely pleased with you.
You were not hungry.

You visited 4 branches of the dungeon, and saw 25 of its levels.
You also visited: Volcano.

You collected 2228 gold pieces.
You spent 1413 gold pieces at shops.

Inventory:

Armour
 h - a +2 hat (worn)
 v - a +2 buckler of protection (worn)
   (You found it on level 2 of the Lair of Beasts)
 z - a cursed +0 pair of gloves (worn)
 B - a +0 pair of boots (worn)
 C - a +1 robe of cold resistance (worn)
   (You took it off Fannar on level 9 of the Dungeon)
 Y - a +0 cloak (worn)
Magical Staves
 b - an uncursed staff of energy (weapon)
Jewellery
 K - a ring of ice (right hand)
 S - a ring of protection from fire (left hand)
 Z - an amulet of magic regeneration (around neck)
Wands
 x - a wand of lightning (9/15)
 Q - a wand of scattershot (5/9)
 U - a wand of disintegration (7/24)
 W - a wand of clouds (6/9)
Scrolls
 e - 2 scrolls of recharging
 f - 2 scrolls of identify
 j - 13 scrolls of remove curse
 r - 8 scrolls of teleportation {!r}
 y - 2 scrolls of fear {!r}
 F - 3 scrolls of enchant weapon
 G - 2 scrolls of amnesia
 I - 3 scrolls of fog
 R - 3 scrolls of magic mapping {!r}
Potions
 d - 3 potions of invisibility {!q}
 g - 6 potions of lignification {!q}
 l - 7 potions of might {!q}
 m - 6 potions of curing
 q - 4 potions of heal wounds {!q}
 u - 2 potions of resistance {!q}
 w - 4 potions of brilliance {!q}
 D - 3 potions of haste {!q}
 H - 2 potions of agility {!q}
 J - a potion of ambrosia
 L - a potion of cancellation {!q}
 N - a potion of mutation {!q}
 V - a potion of berserk rage
Books
 a - a manual of Long Blades {!d}
Miscellaneous
 P - 2 sacks of spiders
Comestibles
 c - 18 bread rations {!e}
 i - 17 meat rations {!e}
 k - 2 chunks of flesh
 A - 7 fruits
 M - 10 royal jellies


   Skills:
 - Level 8.4 Fighting
 - Level 4.0 Armour
 - Level 6.8 Dodging
 - Level 2.1 Stealth
 - Level 5.0 Shields
 - Level 10.6 Spellcasting
 - Level 14.0 Conjurations
 - Level 5.5 Summonings
 - Level 13.7 Ice Magic
 + Level 3.6 Air Magic
 - Level 4.4 Evocations


You had 14 spell levels left.
You knew the following spells:

 Your Spells              Type           Power        Failure   Level  Hunger
a - Freeze                Ice            ####         1%          1    None
b - Ozocubu's Armour      Chrm/Ice       ######..     1%          3    None
c - Summon Ice Beast      Ice/Summ       ######..     1%          4    None
d - Freezing Cloud        Conj/Ice/Air   ######....   11%         6    None
e - Throw Icicle          Conj/Ice       #######.     1%          4    None
g - Conjure Flame         Conj/Fire      #####...     1%          3    None


Dungeon Overview and Level Annotations

Branches:
Dungeon (14/15)            Temple (0/1) D:7            Lair (6/6) D:9
 Shoals (0/4) Lair:2       Spider (3/4) Lair:3        Slime (0/5) Lair:6
    Orc (2/2) D:10            Elf (0/3) Orc:2        Vaults (0/5) D:14

Altars:
Ashenzari
Dithmenos
Fedhas
Okawaru
Qazlal
Ru
Sif Muna
Trog
Vehumet
Xom
Yredelemnul
Beogh
Jiyva

Shops:
D:4 !   D:6 }!%*   D:8 ?   D:10 ?   Orc:2 :[?=

Annotations:
D:5 exclusion: door


Innate Abilities, Weirdness & Mutations

You are resistant to torment.
Your stone body is resilient. (AC +11)
You are immune to poison.
Your large and strong wings let you fly indefinitely.
You resist negative energy. (rN+)
You are resistant to electric shocks. (rElec)
You can survive without breathing.
You are immune to petrification.
You are immune to rotting.


Message History

The wolf spider is engulfed in freezing vapours.
The wolf spider hits you!!
The wolf spider bites you but does no damage.
The orb spider is engulfed in freezing vapours.
The wolf spider is engulfed in freezing vapours.
Your ice beast is caught in a web!
Damage: 18 (max 18)
Casting: Freeze
Confirm with . or Enter, or press ? or * to list all spells.
Aiming: Freeze
Press: ? - help, Shift-Dir - straight line, f/p - wolf spider
Aim: a wolf spider (severely wounded, clinging)
You feel a surge of power!
You freeze the wolf spider.
The wolf spider is severely wounded.
Your ice beast disappears in a puff of smoke!
The orb spider is engulfed in freezing vapours.
The orb spider pulsates with a strange energy.
The wolf spider misses you. The wolf spider bites you.
* * * LOW HITPOINT WARNING * * *
Damage: 5 (max 18)
Casting: Freeze
Confirm with . or Enter, or press ? or * to list all spells.
Aiming: Freeze
Press: ? - help, Shift-Dir - straight line, f/p - wolf spider
Aim: a wolf spider (severely wounded, clinging)
You feel a surge of power!
You freeze the wolf spider.
The wolf spider is severely wounded.
The wolf spider barely misses you. The wolf spider bites you!
* * * LOW HITPOINT WARNING * * *
The orb spider is engulfed in freezing vapours.
The orb spider weaves a glowing orb of energy.
Your ice beast closely misses the wolf spider.
The wolf spider closely misses you. The wolf spider bites you!
* * * LOW HITPOINT WARNING * * *
An orb of destruction comes into view.
Damage: 17 (max 18)
Casting: Freeze
Confirm with . or Enter, or press ? or * to list all spells.
Aiming: Freeze
Press: ? - help, Shift-Dir - straight line, f/p - wolf spider
Aim: a wolf spider (severely wounded, clinging)
You feel a surge of power!
You freeze the wolf spider.
The wolf spider is almost dead.
The wolf spider barely misses you. You block the wolf spider's attack.
Your ice beast hits the wolf spider.
Your ice beast freezes the wolf spider!
The wolf spider dies!
Sif Muna accepts your kill. The orb of destruction hits you!
Ouch! That really hurt!
You die...

## ##§ #§§ #§§## #.§§s#
# ###. §§# .# ##...
#§#..# .#(... ##§.^#
....###@Y^## #..#.##..#
.. ##.....##.... .##
##..#....##...#
..###...###...##..#
...##....# >...#### ###
...#^....###...#
..###...##.##...##....
^.#.#....####....###.#.


You could see an orb spider and a friendly ice beast.

Vanquished Creatures
  2 entropy weavers
  Fannar (D:9)
  A hydra (Lair:6)
  2 two-headed ogres (D:11)
  A death yak (Lair:5)
  An unseen horror (D:12)
  A lindwurm (Lair:6)
  6 orb spiders
  10 orc sorcerers (Orc:2)
  A manticore (Lair:6)
  2 ugly things (D:13)
  9 wolf spiders
  13 elephants
  2 moths of wrath
  4 black mambas
  5 spiny frogs
  A demonic crawler (Spider:2)
  2 centaur skeletons
  6 komodo dragons
  10 jumping spiders
  4 trolls
  3 hornets
  6 hippogriffs
  3 tarantellas
  17 redbacks
  A vampire (D:14)
  A water elemental (D:14)
  A shadow (D:13)
  3 wyverns
  2 basilisks
  4 fire bats (Volcano)
  8 yaks
  2 vampire mosquitoes
  A hungry ghost (D:10)
  6 wargs
  4 water moccasins
  6 porcupines
  8 orc warriors
  3 sky beasts
  2 black bears (D:9)
  4 ice beasts
  2 phantoms
  A necrophage (D:11)
  11 ogres
  2 wolves
  8 crocodiles
  2 big kobolds
  15 bullfrogs
  A water moccasin zombie (D:7)
  A wyvern zombie (D:12)
  A scorpion (D:11)
  4 killer bees
  3 electric eels
  6 howler monkeys
  3 crimson imps
  A centaur zombie (D:7)
  A bullfrog zombie (D:12)
  4 jellies
  5 hounds
  34 orc wizards
  14 orc priests
  2 bullfrog skeletons
  6 iguanas
  13 worker ants
  A hound skeleton (D:10)
  A worker ant zombie (D:7)
  15 adders
  4 gnolls
  5 shadow imps
  3 oozes
  An adder zombie (D:7)
  2 dart slugs
  4 leopard geckos
  75 orcs
  3 bats
  5 giant cockroaches
  4 goblins
  7 hobgoblins
  8 jackals
  17 kobolds
  7 quokkas
  6 frilled lizards
  A jackal skeleton (D:5)
  A quokka skeleton (D:7)
  A quokka zombie (D:10)
  6 rats
  2 plants
488 creatures vanquished.

Vanquished Creatures (collateral kills)
  An orc warlord (Orc:2)
  3 hydras
  A merfolk avatar (Lair:6)
  A centaur warrior (D:13)
  A two-headed ogre (D:13)
  A sea snake (Lair:6)
  A phantasmal warrior (D:14)
  3 orb spiders
  8 wolf spiders
  A deep elf mage (D:14)
  3 ugly things
  A manticore (D:11)
  2 cyclopes
  10 elephants
  Joseph (D:8)
  A gargoyle (D:12)
  Psyche (D:8)
  A centaur skeleton (D:14)
  8 spiny frogs
  2 rime drakes (Lair:6)
  9 komodo dragons
  2 kobold demonologists
  4 demonic crawlers
  2 polar bears (Lair:6)
  2 jumping spiders (Spider:1)
  2 trolls
  A wind drake (Lair:6)
  A hornet (Lair:6)
  5 hippogriffs
  A meliai zombie (D:14)
  4 tarantellas
  Sigmund (D:5)
  A spriggan (D:8)
  A water elemental (D:14)
  A wraith (D:10)
  10 redbacks
  24 yaks
  A wyvern (Lair:6)
  4 fire bats (Volcano)
  A basilisk (Lair:6)
  4 vampire mosquitoes
  4 water moccasins
  7 porcupines
  3 orc warriors
  A swamp drake (D:10)
  A hornet zombie (D:6)
  4 black bears
  A phantom (D:10)
  8 ogres
  3 centaurs
  10 wolves
  5 crocodiles
  An eye of draining (D:8)
  A big kobold (D:8)
  A gnoll sergeant (D:8)
  4 bullfrogs
  A wyvern zombie (D:8)
  A wyvern skeleton (D:8)
  5 killer bees
  2 electric eels (D:14)
  A crimson imp (D:10)
  2 centaur zombies
  2 jellies
  5 orc priests
  2 orc wizards (D:10)
  2 worker ants (D:9)
  A howler monkey zombie (D:6)
  5 gnolls
  4 adders
  A shadow imp (D:14)
  8 orcs
  A kobold (D:8)
  A leopard gecko zombie (D:7)
  2 fungi (D:9)
  2 plants
234 creatures vanquished.

Vanquished Creatures (others)
  A hell hog (Volcano)
  An orc wizard (Orc:2)
  53 fungi
  33 plants
88 creatures vanquished.

Grand Total: 810 creatures vanquished

Notes
Turn   | Place    | Note
-------+----------+-------------------------------------------
     0 | D:1      | Pr0man the Gargoyle Ice Elementalist began the quest for the Orb.
     0 | D:1      | Reached XP level 1. HP: 10/10 MP: 3/3
   400 | D:1      | Reached XP level 2. HP: 8/15 MP: 0/5
  1262 | D:2      | Reached XP level 3. HP: 19/19 MP: 4/7
  1268 | D:2      | Learned a level 3 spell: Ozocubu's Armour
  1377 | D:2      | Reached skill level 3 in Spellcasting
  1809 | D:3      | Reached XP level 4. HP: 24/24 MP: 5/8
  1911 | D:3      | Reached skill level 4 in Ice Magic
  2078 | D:3      | Learned a level 4 spell: Summon Ice Beast
  2231 | D:3      | Found a shadowy altar of Dithmenos.
  2244 | D:3      | Reached skill level 1 in Summonings
  2284 | D:3      | Found a sacrificial altar of Ru.
  2298 | D:3      | Reached XP level 5. HP: 27/28 MP: 3/10
  2583 | D:3      | Found a blossoming altar of Fedhas.
  3065 | D:4      | Found Ataiv's Distillery.
  3073 | D:4      | Bought a potion of curing for 36 gold pieces
  3073 | D:4      | Bought a potion of heal wounds for 60 gold pieces
  3073 | D:4      | Bought a potion of heal wounds for 60 gold pieces
  3215 | D:5      | Entered Level 5 of the Dungeon
  3229 | D:5      | Reached skill level 2 in Summonings
  3420 | D:5      | Reached XP level 6. HP: 26/32 MP: 7/11
  3898 | D:5      | Noticed Sigmund
  3954 | D:5      | Reached skill level 4 in Spellcasting
  4180 | D:5      | Found a deep blue altar of Sif Muna.
  4354 | D:5      | Became a worshipper of Sif Muna the Loreminder
  4406 | D:5      | Reached skill level 3 in Summonings
  4406 | D:5      | Reached skill level 5 in Ice Magic
  4480 | D:5      | Killed Sigmund
  4480 | D:5      | Reached XP level 7. HP: 32/36 MP: 1/13
  4571 | D:5      | You fall through a shaft for 2 floors!
  4571 | D:7      | Found a staircase to the Ecumenical Temple.
  4612 | D:7      | Noticed a hippogriff
  4672 | D:6      | Reached skill level 4 in Summonings
  4878 | D:6      | Reached skill level 6 in Ice Magic
  4883 | D:6      | Found Kocett's General Store.
  4889 | D:6      | Found a radiant altar of Vehumet.
  5037 | D:5      | Reached * piety under Sif Muna
  5149 | D:5      | Reached XP level 8. HP: 23/41 MP: 2/14
  5481 | D:6      | Found Dapt's Food Emporium.
  5552 | D:6      | Found Feixkid's Gadget Boutique.
  5606 | D:6      | Reached skill level 5 in Summonings
  5663 | D:6      | Found Jaubroxo's Distillery.
  6019 | D:7      | Reached skill level 7 in Ice Magic
  6023 | D:7      | Got a translucent ring mail
  6052 | D:7      | Learned a level 4 spell: Throw Icicle
  6161 | D:7      | Killed a hippogriff
  6161 | D:7      | Reached skill level 2 in Fighting
  6161 | D:7      | Reached skill level 2 in Conjurations
  6284 | D:7      | Reached skill level 3 in Conjurations
  6297 | D:6      | Reached ** piety under Sif Muna
  6380 | D:7      | Reached skill level 3 in Fighting
  6709 | D:7      | Reached XP level 9. HP: 44/51 MP: 11/15
  6752 | D:7      | Reached skill level 1 in Armour
  6752 | D:7      | Reached skill level 2 in Dodging
  6800 | D:8      | Reached skill level 4 in Conjurations
  6805 | D:8      | Reached skill level 2 in Armour
  7085 | D:8      | Noticed Joseph
  7096 | D:8      | HP: 15/51 [Joseph/sling bullet (6)]
  7164 | D:7      | Learned a level 3 spell: Conjure Flame
  7194 | D:8      | Killed Joseph
  7297 | D:8      | Reached skill level 3 in Armour
  7400 | D:8      | Reached skill level 3 in Dodging
  7511 | D:8      | Reached skill level 5 in Conjurations
  7644 | D:7      | Identified the cursed +1 ring mail of Inviolability {rElec rN++ rCorr Str-3} (You found it on level 7 of the Dungeon)
  7671 | D:8      | Reached skill level 4 in Armour
  7776 | D:8      | Noticed Psyche
  7916 | D:8      | Found a basalt altar of Yredelemnul.
  7916 | D:8      | Found an iron altar of Okawaru.
  7917 | D:8      | Found a shattered altar of Ashenzari.
  7926 | D:8      | Found a stormy altar of Qazlal.
  8343 | D:8      | Found Myupt's Magic Scroll Shop.
  8348 | D:8      | Bought a scroll of identify for 28 gold pieces
  8348 | D:8      | Bought a scroll of enchant armour for 105 gold pieces
  8348 | D:8      | Bought a scroll of remove curse for 42 gold pieces
  8472 | D:8      | Killed Psyche
  8472 | D:8      | Reached skill level 4 in Dodging
  8541 | D:8      | Found an opulent altar of Gozag.
  8576 | D:8      | Found a shimmering altar of Xom.
  8576 | D:8      | Found a shimmering altar of Xom.
  8596 | D:8      | Found a bloodstained altar of Trog.
  8596 | D:8      | Found a sacrificial altar of Ru.
  8596 | D:8      | Found an ornate altar of the Wu Jian Council.
  8602 | D:8      | Reached skill level 6 in Conjurations
  8650 | D:9      | Reached *** piety under Sif Muna
  8650 | D:9      | Reached XP level 10. HP: 56/56 MP: 10/17
  8882 | D:9      | Reached skill level 5 in Spellcasting
  9058 | D:9      | Found a staircase to the Lair.
  9496 | D:9      | Reached skill level 8 in Ice Magic
  9972 | D:9      | HP: 11/56 [yak (8)]
 10415 | D:9      | Reached skill level 7 in Conjurations
 10508 | Lair:1   | Entered Level 1 of the Lair of Beasts
 10538 | D:9      | Reached skill level 5 in Dodging
 10930 | Lair:1   | Reached skill level 1 in Shields
 11056 | Lair:1   | Noticed Fannar
 11184 | D:9      | Reached skill level 2 in Shields
 11348 | D:10     | Entered Level 10 of the Dungeon
 11395 | D:10     | Reached skill level 4 in Fighting
 11640 | D:10     | Found a staircase to the Orcish Mines.
 11659 | D:10     | Reached skill level 3 in Shields
 12097 | D:10     | Reached skill level 5 in Fighting
 12116 | D:10     | Reached skill level 4 in Shields
 12116 | D:10     | Reached XP level 11. HP: 62/64 MP: 10/19
 12823 | D:10     | Found Qotus's Magic Scroll Shoppe.
 12832 | D:10     | Bought a scroll of teleportation for 45 gold pieces
 12832 | D:10     | Bought a scroll of teleportation for 45 gold pieces
 12832 | D:10     | Bought a scroll of remove curse for 45 gold pieces
 12832 | D:10     | Bought a scroll of identify for 30 gold pieces
 12908 | D:10     | Reached skill level 6 in Fighting
 13018 | D:10     | Reached **** piety under Sif Muna
 13018 | D:10     | Reached skill level 5 in Shields
 13581 | D:11     | Noticed a cyan ugly thing
 13799 | Lair:1   | Reached skill level 7 in Fighting
 14259 | Lair:1   | Reached skill level 8 in Fighting
 14265 | Lair:1   | HP: 18/68 [wolf (5)]
 15365 | Lair:2   | Found a staircase to the Shoals.
 15586 | Lair:2   | HP: 18/69 [spiny frog (13)]
 15590 | Lair:2   | Reached skill level 9 in Ice Magic
 15699 | Lair:2   | Reached skill level 8 in Conjurations
 16788 | Lair:3   | Found a hole to the Spider Nest.
 16862 | Lair:3   | Reached skill level 9 in Conjurations
 17196 | Lair:4   | Noticed a six-headed hydra
 17396 | Lair:4   | Reached XP level 12. HP: 75/75 MP: 7/20
 17750 | Lair:4   | Reached skill level 10 in Ice Magic
 18321 | Lair:4   | Killed a six-headed hydra
 18645 | Lair:4   | Reached ***** piety under Sif Muna
 18683 | Lair:5   | Received a gift from Sif Muna
 19161 | Lair:4   | Noticed a four-headed hydra
 19168 | Lair:4   | Killed a four-headed hydra
 19168 | Lair:4   | Reached skill level 10 in Conjurations
 19509 | Lair:5   | Reached skill level 6 in Spellcasting
 19531 | Lair:5   | Noticed a death yak
 19549 | Lair:5   | Killed a death yak
 20166 | Lair:6   | Entered Level 6 of the Lair of Beasts
 20316 | Lair:6   | HP: 22/75 [rime drake/flash freeze (21)]
 20323 | Lair:6   | Reached skill level 11 in Ice Magic
 20387 | Lair:6   | Noticed a six-headed hydra
 20400 | Lair:6   | Killed a six-headed hydra
 20431 | Lair:5   | HP: 13/75 [komodo dragon (19)]
 20768 | Lair:6   | Found a dark tunnel.
 20804 | Volcano  | Entered a volcano
 20879 | Volcano  | Noticed a hell hog
 20892 | Volcano  | Killed a hell hog
 20897 | Volcano  | Reached skill level 11 in Conjurations
 20900 | Volcano  | Reached skill level 7 in Spellcasting
 20918 | Volcano  | Noticed a fire dragon
 20922 | Volcano  | HP: 21/75 [fire bat (2)]
 21276 | Lair:6   | Reached XP level 13. HP: 25/79 MP: 1/24
 21602 | Lair:6   | Identified Sif Muna's Grimoire of the Mutagenic Escort (Sif Muna gifted it to you on level 6 of the Lair of Beasts)
 21602 | Lair:6   | Received a gift from Sif Muna
 22217 | Lair:6   | Found a staircase to the Slime Pits.
 22218 | Lair:6   | Found a viscous altar of Jiyva.
 22481 | Lair:6   | Noticed a dire elephant
 23068 | D:11     | Reached skill level 8 in Spellcasting
 23306 | D:11     | Reached skill level 12 in Ice Magic
 23384 | D:11     | You fall through a shaft for 3 floors!
 25349 | D:12     | Reached skill level 12 in Conjurations
 25349 | D:12     | Reached skill level 1 in Evocations
 26085 | D:13     | Reached skill level 2 in Evocations
 26976 | D:9      | HP: 13/79 [Fannar/Ozocubu's Refrigeration (18)]
 26982 | D:9      | Killed Fannar
 28366 | D:14     | Reached skill level 3 in Evocations
 28610 | D:14     | Identified Sif Muna's Almanac of Confrontation and the Frostbite (Sif Muna gifted it to you on level 14 of the Dungeon)
 28610 | D:14     | Received a gift from Sif Muna
 28610 | D:14     | Reached skill level 9 in Spellcasting
 28650 | D:14     | Learned a level 6 spell: Ozocubu's Refrigeration
 29168 | D:14     | Found a gate to the Vaults.
 29520 | Orc:1    | Entered Level 1 of the Orcish Mines
 29784 | Orc:2    | Entered Level 2 of the Orcish Mines
 29834 | Orc:1    | Noticed an orc warlord
 30092 | Orc:1    | Gained mutation: Your large and strong wings let you fly indefinitely. [Gargoyle growth]
 30092 | Orc:1    | Reached XP level 14. HP: 51/84 MP: 15/27
 30291 | Orc:1    | You fall through a shaft!
 30312 | Orc:2    | Found a staircase to the Elven Halls.
 30349 | Orc:2    | Found Jilof's Book Emporium.
 30350 | Orc:2    | Found Lobonera's Antique Armour Shop.
 30352 | Orc:2    | Reached skill level 4 in Evocations
 30411 | Orc:2    | Bought a book of Clouds for 675 gold pieces
 30419 | Orc:2    | Learned a level 6 spell: Freezing Cloud
 30466 | Orc:2    | Bought a faintly humming robe for 182 gold pieces
 30475 | Orc:2    | Found a roughly hewn altar of Beogh.
 31161 | Orc:2    | Killed an orc warlord
 31451 | Orc:2    | Reached skill level 13 in Conjurations
 31512 | Orc:2    | Identified the +1 robe "Kememey" {Int+3} (You bought it in a shop on level 2 of the Orcish Mines)
 31641 | Orc:2    | Identified Sif Muna's Volume of the Virous Voyage (Sif Muna gifted it to you on level 2 of the Orcish Mines)
 31641 | Orc:2    | Received a gift from Sif Muna
 31666 | Orc:2    | Found Mecweob's Jewellery Shop.
 31666 | Orc:2    | Found Vocohoqi's Magic Scroll Emporium.
 31674 | Orc:2    | Reached skill level 13 in Ice Magic
 31741 | Orc:2    | Bought a scroll of identify for 30 gold pieces
 31741 | Orc:2    | Bought a scroll of identify for 30 gold pieces
 33147 | Spider:1 | Entered Level 1 of the Spider Nest
 33292 | Spider:1 | Noticed an entropy weaver
 33350 | Lair:3   | Killed an entropy weaver
 33434 | Lair:3   | Reached skill level 10 in Spellcasting
 33751 | Spider:1 | Reached skill level 6 in Dodging
 34004 | Spider:1 | Noticed an entropy weaver
 34015 | Spider:1 | Killed an entropy weaver
 34029 | Spider:1 | HP: 16/84 [wolf spider (11)]
 34034 | Spider:1 | HP: 10/84 [jumping spider (3)]
 34374 | Spider:1 | Reached XP level 15. HP: 56/89 MP: 2/29
 34532 | Spider:1 | Identified Sif Muna's Grimoire of Unholy Combat Magic (Sif Muna gifted it to you on level 1 of the Spider Nest)
 34532 | Spider:1 | Received a gift from Sif Muna
 34607 | Spider:1 | Upgraded the game from 0.21-a0-70-g32e1473 to 0.21-a0-71-g5e5ddd2
 35517 | Spider:2 | Reached skill level 14 in Conjurations
 35797 | Spider:2 | Reached skill level 1 in Air Magic
 36067 | Spider:2 | Reached skill level 2 in Air Magic
 36777 | Spider:3 | Reached skill level 3 in Air Magic
 36994 | Spider:3 | HP: 25/89 [wolf spider (7)]
 36996 | Spider:3 | Blown up by an orb spider

Vault maps used:
D:1:      dpeg_arrival_tiny_j, st_stairs_7
D:3:      chequers_temple_overflow_statue_of_worship, fedhas_altar_fruit_tree
D:4:      serial_shops, shop
D:5:      led_sif_book, first_bread, uniq_sigmund
D:6:      basic_altar, serial_shops, kennysheep_mini_moat, shop,
          kennysheep_little_box, nicolae_shop_temple_entry_statues_fountains
D:7:      minmay_temple_entry_junction
D:8:      nicolae_overflow_quartered_altars, serial_shops, shop_scrolls,
          the_bakery, doesnt_xom_only_xom, uniq_psyche, uniq_joseph
D:9:      due_lair_maze_entry_diamond
D:10:     erik_orc_1, serial_shops, shop
D:11:     nrook_mini_backslash
D:14:     david_vaults_4, nicolae_water_bricks
Lair:1:   lemuel_fruit_tree, infiniplex_staircase_pool_2, grunt_megastairs_5,
          uniq_fannar
Lair:2:   elwin_shoals_entry_rocks, serial_bayou_pond_c
Lair:3:   dummy_spider_entry
Lair:5:   lemuel_fruit_fields
Lair:6:   gammafunk_lair_ancient_temple, slime_altar_1,
          nicolae_volcano_entry_vermiform
Spider:1: nicolae_spider_webbed_stairs
Orc:2:    st_orc_town
Volcano:  volcano_pools

Skill      XL: |  1  2  3  4  5  6  7  8  9 10 11 12 13 14 15 |
---------------+----------------------------------------------+-----
Spellcasting   | 3 4 5 7 9 10 | 10.6
Ice Magic      | 4 5 6 7 8 9 11 12 13 | 13.7
Summonings     | 1 2 3 4 5 |  5.5
Fighting       | 3 5 8 |  8.4
Conjurations   | 3 6 7 9 11 12 13 14 | 14.0
Armour         | 4 |  4.0
Dodging        | 4 5 6 |  6.8
Shields        | 4 5 |  5.0
Evocations     | 3 4 |  4.4
Air Magic      | 3 |  3.6
Stealth        | |  2.1

Action                   |  1- 3 |  4- 6 |  7- 9 | 10-12 | 13-15 || total
-------------------------+-------+-------+-------+-------+-------++-------
Melee: Whip              |    11 |       |       |       |       ||    11
       Hand axe          |     1 |    19 |       |       |       ||    20
       Falchion          |       |     2 |   113 |   148 |       ||   263
       Staff             |       |       |       |    11 |    83 ||    94
 Fire: Blowgun           |       |       |     1 |       |       ||     1
 Cast: Freeze            |    52 |    99 |   123 |   436 |   483 ||  1193
       Summon Ice Beast  |       |     2 |    53 |   178 |   238 ||   471
       Ozocubu's Armour  |       |       |     6 |     4 |       ||    10
       Throw Icicle      |       |       |       |    15 |    83 ||    98
       Ozocubu's Refrige |       |       |       |       |    22 ||    22
       Freezing Cloud    |       |       |       |       |    71 ||    71
 Abil: Fly               |       |       |       |       |     1 ||     1
Evoke: Wand              |       |     2 |       |     2 |       ||     4
       Sack of spiders   |       |       |       |     1 |       ||     1
       Staff of energy   |       |       |       |    24 |    80 ||   104
  Use: Scroll            |       |     3 |     5 |    16 |    22 ||    46
       Potion            |       |       |       |     3 |     4 ||     7
 Stab: Distracted        |       |       |     2 |     2 |     1 ||     5
  Eat: Chunk             |     3 |     8 |    19 |    58 |    33 ||   121
       Fruit             |       |       |     5 |     2 |     6 ||    13
       Meat ration       |       |       |       |     1 |     2 ||     3
Armor: Robe              |    10 |    34 |   113 |       |   163 ||   320
       Leather armour    |       |       |    37 |   363 |   262 ||   662
Dodge: Dodged            |    38 |    66 |   199 |   489 |   497 ||  1289
Block: Buckler           |       |       |       |   149 |   310 ||   459
       Rpst.: Falchion   |       |     3 |    61 |    98 |       ||   162

Table legend:
 A = Turns spent in this place as a percentage of turns spent in the entire game.
 B = Non-inter-level travel turns spent in this place as a percentage of non-inter-level travel turns spent in the entire game.
 C = Inter-level travel turns spent in this place as a percentage of turns spent in this place.
 D = Turns resting spent in this place as a percentage of non-inter-level travel turns spent in this place.
 E = Turns spent auto-exploring this place as a percentage of non-inter-level travel turns spent in this place.
 F = Non-inter-level travel turns spent in this place divided by the number of levels of this place that you've seen.
                   A       B       C       D       E      F
               +-------+-------+-------+-------+-------+----------------------
         Total | 100.0 | 100.0 |   0.7 |   7.2 |   5.0 | 411.7
       Dungeon |  52.9 |  53.0 |   0.7 |   7.0 |   5.8 | 405.0
          Lair |  29.5 |  29.4 |   1.0 |   6.5 |   4.2 | 524.5
   Spider Nest |  10.3 |  10.3 |   0.4 |   8.2 |   3.3 | 368.7
  Orcish Mines |   5.9 |   5.9 |   0.3 |  12.4 |   5.7 | 317.5
       Volcano |   1.4 |   1.4 |   0.0 |   0.0 |   0.0 | 147.0
               +-------+-------+-------+-------+-------+----------------------

Vault maps used:
D:1:      dpeg_arrival_tiny_j, st_stairs_7
D:3:      chequers_temple_overflow_statue_of_worship, fedhas_altar_fruit_tree
D:4:      serial_shops, shop
D:5:      led_sif_book, first_bread, uniq_sigmund
D:6:      basic_altar, serial_shops, kennysheep_mini_moat, shop,
          kennysheep_little_box, nicolae_shop_temple_entry_statues_fountains
D:7:      minmay_temple_entry_junction
D:8:      nicolae_overflow_quartered_altars, serial_shops, shop_scrolls,
          the_bakery, doesnt_xom_only_xom, uniq_psyche, uniq_joseph
D:9:      due_lair_maze_entry_diamond
D:10:     erik_orc_1, serial_shops, shop
D:11:     nrook_mini_backslash
D:14:     david_vaults_4, nicolae_water_bricks
Lair:1:   lemuel_fruit_tree, infiniplex_staircase_pool_2, grunt_megastairs_5,
          uniq_fannar
Lair:2:   elwin_shoals_entry_rocks, serial_bayou_pond_c
Lair:3:   dummy_spider_entry
Lair:5:   lemuel_fruit_fields
Lair:6:   gammafunk_lair_ancient_temple, slime_altar_1,
          nicolae_volcano_entry_vermiform
Spider:1: nicolae_spider_webbed_stairs
Orc:2:    st_orc_town
Volcano:  volcano_pools
